 Dungeon Crawl Stone Soup version 0.31-a0-626-g8143ab4f1d (webtiles) character file.

Game seed: 6009600700228531663

112 thirtiethelement the Changeling (level 4, -2/32 HPs)
             Began as a Demonspawn Shapeshifter on Aug 25, 2023.
             Slain by Grinder (5 damage)
             ... on level 3 of the Dungeon.
             The game lasted 00:07:50 (3006 turns).

thirtiethelement the Changeling (DsSh)              Turns: 3006, Time: 00:07:55

Health: -2/32      AC: 12    Str: 21    XL:     4   Next: 63%
Magic:  13/13      EV: 11    Int:  9    God:
Gold:   93         SH:  0    Dex: 15    Spells: 3/3 levels left

rFire   . . .        a - +0 dagger
rCold   . . .        (no shield)
rNeg    . . .        g - +0 ring mail
rPois   .            (helmet currently unavailable)
rElec   .            (cloak currently unavailable)
rCorr   .            f - melded +0 pair of gloves
SInv    .            (boots currently unavailable)
Will    .....        (no amulet)
Stlth   +            i - +4 ring of protection
HPRegen 0.25/turn    u - ring "Piluw" {Drain MP+9 Str+5}
MPRegen 0.13/turn

%: no passive effects
@: beast-form
A: beast (slay +1), molten scales 2, powered by pain 1
a: Begin Untransformation


You were on level 3 of the Dungeon.
You were a hulking beast.
You visited 1 branch of the dungeon, and saw 3 of its levels.

You collected 93 gold pieces.

Inventory:

Hand Weapons
 a - a +0 dagger (weapon)
 b - a +0 sling
Missiles
 l - 2 poisoned darts
 s - 2 throwing nets
Armour
 e - a +0 animal skin
 f - a +0 pair of gloves (melded)
 g - a +0 ring mail (worn)
 o - an orb of light
Jewellery
 i - a +4 ring of protection (left hand)
 u - the ring "Piluw" (right hand) {Drain MP+9 Str+5}
   (You found it on level 3 of the Dungeon)

   [ring of magical power]

   Str+5:     It affects your strength (+5).
   MP+9:      It affects your magic capacity (+9).
   Drain:     It drains your maximum health when unequipped.
Talismans
 c - a beast talisman (active)
 d - a flux talisman
Scrolls
 h - 2 scrolls of identify {unknown}
 j - a scroll of teleportation {unknown}
 n - 2 scrolls of amnesia {unknown}
 p - a scroll of butterflies {unknown}
 r - a scroll of poison {unknown}
 t - a scroll of brand weapon {unknown}
 v - a scroll of fear {unknown}
Potions
 k - a potion of lignification
 m - a potion of cancellation
 q - a potion of curing {unknown}


   Skills:
 + Level 1.1 Fighting
 + Level 0.6 Short Blades
 + Level 1.1 Ranged Weapons
 + Level 1.7 Armour
 + Level 2.1 Dodging
 + Level 0.2 Stealth
 + Level 3.2 Unarmed Combat
 + Level 3.2 Shapeshifting


You had 3 spell levels left.
You didn't know any spells.
Your spell library contained the following spells:

 Spells                   Type           Power      Damage    Failure   Level
 Stone Arrow              Conj/Erth      0%         3d7       89%         3
 Volatile Blastmotes      Fire/Tloc      0%         2d10      89%         3
 Animate Armour           Summ/Erth      0%         N/A       100%        4
 Fulminant Prism          Conj/Hex       0%         3d5       100%        4
 Iskenderun's Mystic Bla  Conj/Tloc      0%         2d3       100%        4
 Lehudib's Crystal Spear  Conj/Erth      0%         10d2      100%        8


Dungeon Overview and Level Annotations

Branches:
Dungeon (3/15)

Altars:

Annotations:
D:3 Grinder


Innate Abilities, Weirdness & Mutations

You are a hulking beast.
Your limbs bulge with bestial killing power. (Slay +1)
You are mostly covered in molten scales. (AC +3)
You sometimes gain a little power by taking damage.


Message History

Grinder hits you.
You writhe in agony.
You hit Grinder.
Grinder is moderately wounded.
Grinder closely misses you.
You hit Grinder.
Grinder is moderately wounded.
Grinder hits you.
You writhe in agony.
You hit Grinder.
Grinder is moderately wounded.
Grinder completely misses you.
You hit Grinder.
Grinder is heavily wounded.
Grinder hits you but does no damage.
You hit Grinder but do no damage.
Grinder is heavily wounded.
You barely miss Grinder.
Grinder is heavily wounded.
Grinder hits you but does no damage.
You hit Grinder.
Grinder is heavily wounded.
Grinder closely misses you.
You hit Grinder.
Grinder is heavily wounded.
Grinder barely misses you.
You hit Grinder.
Grinder is severely wounded.
Grinder gestures at you. Pain shoots through your body!
* * * LOW HITPOINT WARNING * * *
You focus on the pain.
You feel more agile all of a sudden.
It was a potion of cancellation.
Your magical effects are unravelling.
You feel magically purged.
You feel a little less agile now. Grinder hits you.
* * * LOW HITPOINT WARNING * * *
You writhe in agony.
You die...
Grinder says, "Now the real fun starts!"

#.# ##...## #.# #.# ##..†..###.#
#.# #.......##.# #.# #.......##.#
#.# #.......##.# #.#
###########^.†..###.# #.#
#......!.?##...## #.#
#.###########....#....###.## #.#
...##.......#.#.h# .#.# #.# #.#
......#.#####.#.5#..# ###.# #.#
...##.<.##..'####_### +...# #.#
..########.##.#..#..# ##..# ##.#
### #..#.#..#..# ##.# #... #
####.##....# ... #.## ##.# #
###.....#..... ...###..######
#####....<..###########..........
......#.##..# #####.# ####.######


You could see Grinder.

Vanquished Creatures
  4 adders
  3 worms
  A dart slug (D:1)
  2 orcs
  3 ball pythons
  4 bats
  5 endoplasms
  6 giant cockroaches
  7 goblins
  5 hobgoblins
  2 jackals (D:2)
  2 quokkas
  7 frilled lizards
  6 kobolds
  3 rats
60 creatures vanquished.

Notes
Turn   | Place    | Note
-------+----------+-------------------------------------------
     0 | D:1      | thirtiethelement the Demonspawn Shapeshifter began the
                  | quest for the Orb.
     0 | D:1      | Reached XP level 1. HP: 15/15 MP: 1/1
   231 | D:1      | Gained mutation: You are partially covered in molten
                  | scales. (AC +2) [demonic ancestry]
   231 | D:1      | Reached XP level 2. HP: 20/21 MP: 2/2
   970 | D:2      | Gained mutation: You are mostly covered in molten scales.
                  | (AC +3) [demonic ancestry]
   970 | D:2      | Reached XP level 3. HP: 26/26 MP: 3/3
  1435 | D:2      | Reached skill level 1 in Armour
  1877 | D:2      | Gained mutation: You sometimes gain a little power by
                  | taking damage. [demonic ancestry]
  1877 | D:2      | Reached XP level 4. HP: 27/32 MP: 4/4
  2580 | D:3      | Noticed Grinder
  2714 | D:3      | Reached skill level 1 in Ranged Weapons
  2811 | D:3      | Identified the ring "Piluw" {Drain MP+9 Str+5}
  2942 | D:3      | Found a faded altar of an unknown god.
  2976 | D:3      | Paralysed by Grinder for 3 turns
  3006 | D:3      | Slain by Grinder

Illustrated notes

Levels and vault maps discovered:
D:1:      minmay_arrival_widening_spiral_wide, layout_basic,
          chequers_decorated_corner
D:2:      layout_basic, hangedman_abyss_or_decor_stabs, minmay_misc_feat_cross,
          st_stairs_6
D:3:      layout_loops_ring, shapermc_ecumenical_altar_notcrosses, uniq_grinder

Skill      XL: |  1  2  3  4 |
---------------+-------------+-----
Unarmed Combat | 3 |  3.2
Shapeshifting  | 3 |  3.2
Dodging        | 2 |  2.1
Armour         | 1 |  1.7
Ranged Weapons | 1 |  1.1
Fighting       | |  1.1
Short Blades   | |  0.6
Stealth        | |  0.2

Action                     |  1- 3 |  4- 6 || total
---------------------------+-------+-------++-------
  Melee: Dagger            |   173 |    53 ||   226
         Unarmed           |     8 |       ||     8
         Punch             |     5 |       ||     5
   Fire: Sling             |     3 |    57 ||    60
    Use: Potion            |       |     2 ||     2
   Stab: Sleeping          |     1 |       ||     1
 Armour: Animal skin       |    14 |       ||    14
         Ring mail         |    60 |    13 ||    73
         Skin              |       |     7 ||     7
  Dodge: Dodged            |   114 |    22 ||   136
         Form:             |     1 |       ||     1
         Beast             |     1 |       ||     1

Table legend: (Time is in decaauts)
 A = Elapsed time spent in this place.
 B = Non-inter-level travel time spent in this place.
 C = Inter-level travel time spent in this place.
 D = Time resting spent in this place.
 E = Time spent auto-exploring this place.
 F = Levels seen in this place.
 G = Mean time per level.
                   A        B        C        D        E       F      G
               +--------+--------+--------+--------+--------+-----+--------+
         Total |   3018 |   2945 |     73 |    183 |   1932 |   3 | 1006.0 |
       Dungeon |   3018 |   2945 |     73 |    183 |   1932 |   3 | 1006.0 |
               +--------+--------+--------+--------+--------+-----+--------+

Top non-repeatable levels by time:
     D:2: 1326 daAuts
     D:1: 918 daAuts
     D:3: 773 daAuts
